 Dungeon Crawl Stone Soup version 0.19.5 (console) character file.

14809 Grinner the Grappler (level 11, -2/92 HPs)
             Began as a Troll Wanderer on Mar 4, 2017.
             Slain by Rupert
             ... wielding a +0 battleaxe of chopping
              (6 damage)
             ... on level 3 of the Lair of Beasts.
             The game lasted 00:30:16 (10100 turns).

Grinner the Grappler (Troll Wanderer)              Turns: 10100, Time: 00:30:17

Health: -2/92      AC: 10    Str: 26    XL:     11   Next: 93%
Magic:  13/16      EV: 11    Int: 12    God:
Gold:   656        SH: 18    Dex: 18    Spells: 3 memorised, 7 levels left

rFire  . . .     SeeInvis .       - Unarmed
rCold  + . .     Gourm    +     e - +0 robe
rNeg   + . .     Faith    .     K - +0 shield
rPois  +         Spirit   .     D - +0 hat of the Land of Plenty {rPois rN+ MR+}
rElec  .         Reflect  +     E - +2 cloak {+Inv}
rCorr  .         Harm     .     (gloves unavailable)
MR     +....     Clarity  +     (boots unavailable)
Stlth  +.........               N - +3 amulet of reflection
                                (no ring)
                                p - +6 ring of dexterity

@: mighty, brilliant, very slightly contaminated, invisible
A: unfitting armour, claws 3, hooves 1, horns 2, iridescent scales 1, large bone
plates 1, clarity, cold resistance 1, fast metabolism 3, gourmand, regeneration
1, shaggy fur 1, tough skin 2, weak 1, subdued magic 1
a: Turn Visible


You were on level 3 of the Lair of Beasts.
You were very full.

You visited 2 branches of the dungeon, and saw 13 of its levels.

You collected 656 gold pieces.

Inventory:

Missiles
 a - 133 arrows
Armour
 e - a +0 robe (worn)
 D - the +0 hat of the Land of Plenty (worn) {rPois rN+ MR+}
   (You acquired it on level 10 of the Dungeon)

   It protects you from poison.
   It protects you from negative energy.
   It affects your resistance to hostile enchantments.
 E - a +2 cloak of invisibility (worn)
 K - a +0 shield (worn)
Magical Staves
 z - an uncursed staff of earth
Jewellery
 p - a +6 ring of dexterity (left claw)
 t - an uncursed ring of positive energy
 L - an uncursed ring of wizardry
 M - an uncursed amulet of guardian spirit
 N - a +3 amulet of reflection (around neck)
Wands
 k - a wand of random effects (24/48)
 o - a wand of polymorph (8/24)
 y - a wand of flame (17/48)
 C - a wand of digging (11/24)
 F - a wand of acid (7/15)
 H - a wand of slowing (23/48)
 I - a wand of polymorph (13/24)
 Q - a wand of enslavement (15/24)
 U - a wand of polymorph (8/24)
Scrolls
 g - 4 scrolls of immolation
 h - 6 scrolls of teleportation
 i - 2 scrolls of fear
 j - 6 scrolls of blinking
 l - 6 scrolls of enchant weapon
 q - 4 scrolls of enchant armour
 O - 2 scrolls of identify
 P - a scroll of recharging {unknown}
Potions
 b - a potion of lignification
 d - 7 potions of curing
 m - a potion of heal wounds
 r - a potion of magic
 s - a potion of brilliance
 w - a potion of haste
 A - a potion of resistance
 G - a potion of might
 R - a potion of invisibility {unknown}
Books
 B - a book of Air

   Spells                             Type                      Level
   a - Shock                          Conjuration/Air              1
   b - Swiftness                      Charms/Air                   2
   c - Repel Missiles                 Charms/Air                   2
   d - Static Discharge               Conjuration/Air              3
   e - Lightning Bolt                 Conjuration/Air              5
 J - a book of Battle

   Spells                             Type                      Level
   a - Infusion                       Charms                       1
   b - Shroud of Golubria             Charms/Translocation         2
   c - Song of Slaying                Charms                       2
   d - Spectral Weapon                Hexes/Charms                 3
   e - Regeneration                   Charms/Necromancy            3
Miscellaneous
 n - a phial of floods
 S - a fan of gales
Comestibles
 c - 21 fruits
 f - 16 bread rations
 u - 4 meat rations
 v - a beef jerky
 x - 2 slices of pizza
 T - 2 chunks of flesh


   Skills:
 - Level 1.5 Fighting
   Level 1.2 Bows
 - Level 1.0 Throwing
 - Level 3.2 Dodging
 * Level 6.3 Shields
 + Level 12.2 Unarmed Combat
 + Level 2.0 Spellcasting
 + Level 2.2 Charms
 + Level 2.5 Necromancy
 + Level 2.1 Air Magic
 - Level 8.4 Evocations


You had 7 spell levels left.
You knew the following spells:

 Your Spells              Type           Power        Failure   Level  Hunger
d - Regeneration          Chrm/Necr      ##........   9%          3    ####...
m - Repel Missiles        Chrm/Air       ##....       3%          2    ###....
s - Swiftness             Chrm/Air       ##......     3%          2    ###....


Dungeon Overview and Level Annotations

Branches:
Dungeon (10/15)            Temple (0/1) D:4            Lair (3/6) D:10
 Shoals (0/4) Lair:3        Snake (0/4) Lair:2          Orc (0/2) D:10

Altars:
Cheibriados
Fedhas
Gozag
Kikubaaqudgha
Makhleb
Okawaru
Trog
Uskayaw
Vehumet
Xom
Yredelemnul
Zin
The Shining One

Shops:
D:5 (

Annotations:
Lair:3 Rupert


Innate Abilities, Weirdness & Mutations

You are too large for most types of armour.
You have claws for hands.
Your metabolism is lightning-fast.
You like to eat raw meat.
Your natural rate of healing is unusually fast.
You are covered in fur. (AC +1)
You have very tough skin. (AC +2)
You have large cloven feet.
You have a pair of horns on your head.
You are partially covered in iridescent scales. (AC +2)
You are partially covered in large bone plates. (SH +4)
You possess an exceptional clarity of mind.
Your flesh is cold resistant. (rC+)
You are weak. (Str -2)
Your spells are a little easier to cast, but a little less powerful.


Message History

Rupert roars madly and goes into a rage!
Rupert goes berserk!
You mangle Rupert!! You kick Rupert. You headbutt Rupert!
Rupert is moderately wounded.
Rupert hits you but does no damage.
You claw Rupert! Your kick misses Rupert. Your headbutt misses Rupert.
Rupert is moderately wounded.
Rupert hits you with a battleaxe of chopping!!
You claw Rupert! You kick Rupert.
Rupert is moderately wounded.
Rupert hits you with a battleaxe of chopping!!
You claw Rupert! Your kick misses Rupert. You headbutt Rupert!
Rupert is heavily wounded.
You block Rupert's attack.
Your skin is crawling a little less now.
You block Rupert's attack.
Your skin stops crawling.
Rupert hits you with a battleaxe of chopping!!!
* * * LOW HITPOINT WARNING * * *
You die...

###.##..#P...P..####
#...............##
##.P.............#
#)...##........##
#....##.....#..#
##....##....)#.####
##P................#
...................#
###.........@@.....#
#.......).........#
#.................#
##...##...........#
#... #....#.###.##
#... ##...### ##
..... #...# ....
.....


You could see Rupert (berserk).

Vanquished Creatures
  Harold (D:10)
  Urug (Lair:3)
  Pikel (D:7)
  Maurice (D:8)
  4 sirens (Lair:3)
  2 black mambas (Lair:1)
  Psyche (D:8)
  8 spiny frogs
  A gargoyle (D:10)
  A rime drake (Lair:3)
  A komodo dragon (Lair:1)
  A polar bear (Lair:3)
  3 hippogriffs
  4 yaks (D:6)
  A spriggan (D:7)
  A wyvern (D:8)
  A steam dragon (D:7)
  2 nagas (Lair:2)
  Edmund (D:6)
  2 hell hounds (D:10)
  3 porcupines (Lair:1)
  2 water moccasins
  6 orc warriors
  A sky beast (D:7)
  A black bear (D:4)
  An ice beast (D:6)
  7 centaurs
  3 ogres
  4 crocodiles
  3 big kobolds
  7 bullfrogs
  2 gnoll sergeants
  2 scorpions
  5 wights (D:8)
  An electric eel (Lair:2)
  4 howler monkeys
  2 crimson imps
  A jelly (D:10)
  2 orc priests
  3 hounds
  15 orc wizards
  A bullfrog skeleton (D:8)
  Crazy Yiuf (D:3)
  3 iguanas
  2 worker ants
  2 hound skeletons
  A worker ant zombie (D:5)
  7 gnolls
  15 adders
  A shadow imp (D:6)
  2 oozes (D:2)
  3 adder skeletons
  5 worms (D:2)
  11 dart slugs
  2 leopard geckos
  44 orcs
  9 bats
  6 giant cockroaches
  10 goblins
  13 hobgoblins
  10 jackals
  19 kobolds
  7 quokkas
  A ball python (D:1)
  4 frilled lizards
  12 rats
  A bush (D:1)
305 creatures vanquished.

Vanquished Creatures (others)
  2 slaves (D:7)
  A human (D:5)
  An iguana (D:7)
  An orc wizard (D:7)
  A gnoll (D:8)
  3 orcs (D:7)
  A kobold (D:10)
10 creatures vanquished.

Grand Total: 315 creatures vanquished

Notes
Turn   | Place    | Note
-------+----------+-------------------------------------------
     0 | D:1      | Grinner the Troll Wanderer began the quest for the Orb.
     0 | D:1      | Grinner set off with: a +2 shortbow, 24 arrows, a +0 hand axe, a potion of curing, a +0 robe, 2 bread rations
     0 | D:1      | Reached XP level 1. HP: 19/19 MP: 0/0
   107 | D:1      | Reached skill level 1 in Unarmed Combat
   261 | D:1      | Reached XP level 2. HP: 26/27 MP: 1/1
   388 | D:1      | Reached skill level 2 in Unarmed Combat
   988 | D:2      | Reached XP level 3. HP: 32/33 MP: 2/2
  1009 | D:2      | Reached skill level 3 in Unarmed Combat
  1035 | D:2      | Noticed a moth of wrath
  1037 | D:2      | Found a bloodstained altar of Trog.
  1294 | D:2      | Reached XP level 4. HP: 30/41 MP: 3/3
  1427 | D:2      | Reached skill level 4 in Unarmed Combat
  1850 | D:3      | Reached XP level 5. HP: 34/48 MP: 4/4
  2066 | D:3      | Reached skill level 5 in Unarmed Combat
  2239 | D:3      | Found a runed door.
  2328 | D:3      | Found a burning altar of Makhleb.
  2415 | D:3      | Found a basalt altar of Yredelemnul.
  2530 | D:3      | Noticed Crazy Yiuf
  2535 | D:3      | Killed Crazy Yiuf
  2802 | D:4      | Noticed a black bear
  2814 | D:4      | Killed a black bear
  2814 | D:4      | Reached skill level 1 in Evocations
  2814 | D:4      | Reached XP level 6. HP: 50/55 MP: 5/5
  2885 | D:4      | Reached skill level 6 in Unarmed Combat
  2936 | D:4      | Got a scorched quarterstaff
  2937 | D:4      | Identified the cursed +1 quarterstaff of a bazaar {crush, rN+} (You found it on level 4 of the Dungeon)
  2945 | D:4      | Gained mutation: Your spells are a little easier to cast, but a little less powerful. [potion of mutation]
  2945 | D:4      | Gained mutation: You have a pair of small horns on your head. [potion of mutation]
  2945 | D:4      | Gained mutation: You are partially covered in iridescent scales. (AC +2) [potion of mutation]
  2959 | D:4      | Found a glowing silver altar of Zin.
  2979 | D:4      | Found a staircase to the Ecumenical Temple.
  3231 | D:5      | Entered Level 5 of the Dungeon
  3299 | D:5      | Found a hide-covered altar of Uskayaw.
  3528 | D:5      | Reached XP level 7. HP: 62/62 MP: 7/7
  3623 | D:5      | Found Kyzonoi's Antique Weapon Shop.
  3769 | D:5      | Found an ancient bone altar of Kikubaaqudgha.
  3770 | D:5      | Noticed a human
  3774 | D:5      | Killed a human
  4072 | D:6      | Noticed a yak
  4072 | D:6      | Noticed a yak
  4072 | D:6      | Noticed a yak
  4073 | D:6      | Noticed a yak
  4085 | D:6      | Killed a yak
  4090 | D:6      | Killed a yak
  4090 | D:6      | Reached skill level 7 in Unarmed Combat
  4094 | D:6      | Killed a yak
  4094 | D:6      | Reached XP level 8. HP: 34/70 MP: 8/10
  4220 | D:6      | Reached skill level 5 in Evocations
  4297 | D:6      | Found a radiant altar of Vehumet.
  4301 | D:6      | Noticed Edmund
  4339 | D:6      | Killed Edmund
  4339 | D:6      | Reached skill level 8 in Unarmed Combat
  4466 | D:6      | Found an opulent altar of Gozag.
  4643 | D:6      | Reached XP level 9. HP: 74/76 MP: 12/12
  4761 | D:6      | Found a snail-covered altar of Cheibriados.
  5069 | D:7      | Gained mutation: You are weak. (Str -2) [mutagenic meat]
  5070 | D:7      | Gained mutation: You have large cloven feet. [mutagenic meat]
  5071 | D:7      | Gained mutation: You are partially covered in large bone plates. (SH +4) [mutagenic meat]
  5072 | D:7      | Gained mutation: You have a pair of horns on your head. [mutagenic meat]
  5196 | D:7      | Noticed Pikel
  5208 | D:7      | Killed Pikel
  5263 | D:7      | Reached skill level 9 in Unarmed Combat
  5355 | D:7      | Found an iron altar of Okawaru.
  5914 | D:7      | Paralysed by a gnoll for 4 turns
  5928 | D:7      | Found a shimmering altar of Xom.
  6032 | D:8      | Reached XP level 10. HP: 85/85 MP: 15/15
  6087 | D:8      | Noticed Maurice
  6099 | D:8      | Killed Maurice
  6211 | D:8      | Noticed Psyche
  6217 | D:8      | Killed Psyche
  6217 | D:8      | Reached skill level 10 in Unarmed Combat
  6357 | D:8      | Found a glowing golden altar of the Shining One.
  6957 | D:9      | Found a blossoming altar of Fedhas.
  6972 | D:9      | Reached skill level 11 in Unarmed Combat
  7381 | D:10     | Entered Level 10 of the Dungeon
  7381 | D:10     | Noticed Harold
  7394 | D:10     | Killed Harold
  7521 | D:10     | Found a staircase to the Lair.
  7527 | D:10     | Identified a scroll of acquirement
  7533 | D:10     | Got a spiked hat
  7539 | D:10     | Identified the +0 hat of the Land of Plenty {rPois rN+ MR+} (You acquired it on level 10 of the Dungeon)
  7545 | D:10     | Gained mutation: You possess an exceptional clarity of mind. [potion of beneficial mutation]
  7597 | D:10     | Gained mutation: Your flesh is cold resistant. (rC+) [potion of beneficial mutation]
  7807 | D:10     | Noticed a gargoyle
  7808 | D:10     | Found a staircase to the Orcish Mines.
  7819 | D:10     | Killed a gargoyle
  8020 | D:10     | Reached XP level 11. HP: 92/92 MP: 16/16
  8225 | Lair:1   | Entered Level 1 of the Lair of Beasts
  8315 | Lair:1   | Learned a level 2 spell: Repel Missiles
  8318 | Lair:1   | Learned a level 2 spell: Swiftness
  8322 | Lair:1   | Learned a level 3 spell: Regeneration
  8399 | Lair:1   | HP: 2/92 [black mamba (14)]
  8404 | Lair:1   | Reached skill level 5 in Shields
  8648 | Lair:1   | Reached skill level 1 in Charms
  8648 | Lair:1   | Reached skill level 1 in Necromancy
  8790 | Lair:1   | Reached skill level 1 in Air Magic
  9049 | Lair:2   | Reached skill level 1 in Spellcasting
  9332 | Lair:2   | Found a staircase to the Snake Pit.
  9633 | Lair:3   | Noticed Urug
  9640 | Lair:3   | Reached skill level 12 in Unarmed Combat
  9653 | Lair:3   | Killed Urug
  9936 | Lair:3   | Found a staircase to the Shoals.
 10084 | Lair:3   | Noticed Rupert
 10100 | Lair:3   | HP: 4/92 [Rupert/battleaxe of chopping (43)]
 10100 | Lair:3   | Slain by Rupert

Skill      XL: |  1  2  3  4  5  6  7  8  9 10 11 |
---------------+----------------------------------+-----
Unarmed Combat | 1 2 3 4 5 6 7 8 9 11 12 | 12.2
Evocations     | 1 2 4 6 8 |  8.4
Shields        | 4 6 |  6.3
Charms         | 2 |  2.2
Necromancy     | 2 |  2.5
Air Magic      | 2 |  2.1
Spellcasting   | 2 |  2.0
Fighting       | |  1.5
Bows           | |  1.2
Throwing       | |  1.0
Dodging        | |  3.2

Action                   |  1- 3 |  4- 6 |  7- 9 | 10-12 || total
-------------------------+-------+-------+-------+-------++-------
Melee: Unarmed           |   180 |   171 |   222 |   350 ||   923
       Punch             |     2 |     2 |     8 |     5 ||    17
       Headbutt          |       |     6 |    50 |    78 ||   134
       Kick              |       |       |    27 |   118 ||   145
 Cast: Regeneration      |       |       |       |     1 ||     1
 Abil: Evoke Invisibilit |       |       |     2 |    11 ||    13
Evoke: Wand              |       |       |       |     1 ||     1
  Use: Potion            |       |     3 |     3 |    11 ||    17
       Scroll            |       |     8 |     2 |     9 ||    19
 Stab: Sleeping          |     1 |     2 |     1 |     2 ||     6
       Distracted        |     1 |       |       |       ||     1
       Invisible         |       |       |     2 |    24 ||    26
  Eat: Chunk             |    18 |    16 |    31 |    36 ||   101
       Fruit             |       |       |       |     2 ||     2
       Bread ration      |       |       |       |     1 ||     1
       Pizza             |       |       |       |     1 ||     1
Armor: Robe              |    42 |    53 |    77 |    65 ||   237
       Skin              |       |       |       |     2 ||     2
Dodge: Dodged            |    68 |   100 |   112 |   107 ||   387
Block: Other             |       |       |    16 |    13 ||    29
       Shield            |       |       |       |   148 ||   148
       Reflection        |       |       |       |     6 ||     6
